 Dungeon Crawl Stone Soup version 0.28.0 (webtiles) character file.

Game seed: 12206512305722854519

16 lonewolfV2 the Ducker (level 2, 0/14 HPs)
             Began as a Felid Berserker on Feb 9, 2022.
             Was a Follower of Trog.
             Slain by an endoplasm (2 damage)
             ... on level 1 of the Dungeon.
             The game lasted 00:00:33 (670 turns).

lonewolfV2 the Ducker (Felid Berserker)              Turns: 670, Time: 00:00:34

Health: 0/14       AC:  1    Str: 13    XL:     2   Next: 41%
Magic:  3/3        EV: 18    Int:  8    God:    Trog [*.....]
Gold:   21         SH:  0    Dex: 15    Spells: 1/1 levels left
                                        Lives:  0   Deaths: 0

rFire   . . .      SeeInvis +     - Unarmed
rCold   . . .      Faith    .   (shield unavailable)
rNeg    . . .      Spirit   .   (armour unavailable)
rPois   .          Reflect  .   (helmet unavailable)
rElec   .          Harm     .   (cloak unavailable)
rCorr   .          Rampage  .   (gloves unavailable)
Will    .....                   (boots unavailable)
Stlth   +.........              (no amulet)
HPRegen 0.04/turn               (no ring)
MPRegen 0.08/turn               (no ring)

@: quick
A: very small, claws 1, fangs 3, see invisible, speed 1, shaggy fur 1, stealthy
paws, no weapons or thrown items, no armour, multi-lived
a: Renounce Religion, Berserk


You were on level 1 of the Dungeon.
You worshipped Trog.
Trog was aware of your devotion.
You visited 1 branch of the dungeon, and saw 1 of its levels.

You collected 21 gold pieces.

Inventory:

Potions
 a - a potion of curing {unknown}


   Skills:
 + Level 3.2 Fighting
 + Level 4.4 Dodging
 + Level 3.3 Unarmed Combat


You had one spell level left.
You didn't know any spells.
Your spell library was empty.

Dungeon Overview and Level Annotations

Branches:
Dungeon (1/15)

Altars:


Innate Abilities, Weirdness & Mutations

You have sharp claws.
You have razor-sharp teeth.
You have supernaturally acute eyesight. (SInv)
You cover ground quickly. (Speed+)
You are covered in fur. (AC +1)
Your paws help you pounce on unaware monsters.
You are incapable of wielding weapons or throwing items.
You cannot wear armour.
You gain extra lives every three experience levels.


Message History

A ball python comes into view.
A bat comes into view.
You see here a hobgoblin corpse.
The bat barely misses you. The bat barely misses you. The bat misses you.
The bat barely misses you. The bat closely misses you.
The bat completely misses you. The bat hits your bat.
A kobold and a goblin come into view.
The goblin shouts!
Your bat misses the bat. The bat completely misses you.
The ball python bites you but does no damage.
The ball python misses you. The bat barely misses you.
Your bat barely misses the bat.
An endoplasm comes into view.
You claw the ball python!
You kill the ball python!
Trog accepts your kill.
Your bat hits the bat but does no damage.
The bat misses you.
Your bat hits the bat. The bat misses you.
Your kobold completely misses the bat.
Your bat hits the bat but does no damage.
The bat hits you.
You see here a ball python corpse.
Your quokka bites the bat.
The bat dies!
Trog accepts your kill. The kobold closely misses you.
The goblin hits you with a +0 dagger.
You scratch the goblin.
You kill the goblin!
Trog accepts your kill. The kobold hits you with a +0 club.
Your bat completely misses the kobold.
The endoplasm freezes you.
You are frozen.
* * * LOW HITPOINT WARNING * * *
Your bat barely misses the kobold.
The kobold closely misses you.
You see here a +0 dagger.
You barely miss the kobold. Your bat hits the kobold.
Your quokka barely misses the kobold.
The endoplasm hits you.
You die...

###.##.##############.#.###.#
#.##.# #†# .. ###.##.#
#†##### ....##)# ######....#
######.# #......(..# .# #.#
#.........# .# #.#
#.........+ .# #.#
#.K.......# .# #.#
#@rb......# .# #.#
#.....JK........# .# #.#
#...............# .# #.#
#...............# .# #.#
#.........####### .# #.#
#.........# .# #.#
#.........# .# #.#
########### .# #.#


You could see an endoplasm, a kobold (ally target), a friendly quokka
(summoned), a friendly bat (summoned) and a friendly kobold (summoned).

Vanquished Creatures
  4 ball pythons (D:1)
  2 endoplasms (D:1)
  A hobgoblin (D:1)
  2 kobolds (D:1)
  A quokka (D:1)
  2 bats (D:1)
  A frilled lizard (D:1)
  A goblin (D:1)
14 creatures vanquished.

Vanquished Creatures (collateral kills)
  A bat (D:1)
1 creature vanquished.

Grand Total: 15 creatures vanquished

Notes
Turn   | Place    | Note
-------+----------+-------------------------------------------
     0 | D:1      | lonewolfV2 the Felid Berserker began the quest for the Orb.
     0 | D:1      | Reached XP level 1. HP: 10/10 MP: 2/2
   224 | D:1      | Reached XP level 2. HP: 5/14 MP: 3/3
   670 | D:1      | Slain by an endoplasm

Illustrated notes

Levels and vault maps discovered:
D:1:      minmay_arrival_open_corners, layout_basic

Action                   || total
-------------------------++-------
Melee: Unarmed           ||    33
       Punch             ||     1
       Bite              ||     1
  Use: Scroll            ||     2
Armor: Skin              ||     3
Dodge: Dodged            ||    40
